[Event "Caplin Hastings Masters 2023-24"]
[Site "Hastings"]
[Date "2024.01.03"]
[Round "7.38"]
[White "Wilson, Matthew R"]
[Black "Walker, Martin G"]
[Result "0-1"]
[ECO "B04"]
[WhiteElo "1771"]
[BlackElo "2090"]
[Annotator "NA RC"]
[PlyCount "94"]
[EventDate "2023.12.18"]
[EventType "swiss"]
[EventCountry "ENG"]
[SourceTitle "playchess.com"]
[Source "ChessBase"]
[SourceQuality "1"]
[TimeControl "40/6000+30:3000+30"]

1. e4 Nf6 2. e5 Nd5 3. d4 d6 4. c4 Nb6 5. exd6 cxd6 6. Nf3 g6 7. h3 Bg7 8. Be2 O-O 9. Nc3 Nc6 10. O-O d5 11. c5 Nc4 12. b3 N4a5 13. Bf4 Bf5 14. Qd2 Re8 15. Bb5 a6 16. Ba4 f6 17. Rfe1 Qd7 18. Rad1 g5 19. Bg3 g4 20. hxg4 Bxg4 21. Ne2 Rad8 22. Nh2 Bh5 23. Qf4 Kh8 24. Qh4 Bg6 25. Nf4 Bf5 26. f3 e6 27. Nh5 Qf7 28. Ng4 Rg8 29. Bf4 Bxg4 30. fxg4 Rde8 31. Bd6 Rc8 32. a3 Ne7 33. b4 Ng6 34. Qf2 Nc4 35. Bh2 Nxa3 36. g5 f5 37. Qe3 Nc4 38. Qxe6 Qxe6 39. Rxe6 Nb2 40. Nxg7 Nxd1 41. Nxf5 Nc3 42. Bc2 Rce8 43. Re3 Rxe3 44. Nxe3 Rf8 45. Nf5 Re8 46. Kf1 Re2 47. Bd3 Rd2 0-1

[Event "Caplin Hastings Masters 2023-24"]
[Site "Hastings"]
[Date "2024.01.03"]
[Round "7.39"]
[White "Rastogi, Nayan Keats"]
[Black "Binks, Michael"]
[Result "1/2-1/2"]
[ECO "B12"]
[WhiteElo "1662"]
[BlackElo "2035"]
[Annotator "NA RC"]
[PlyCount "39"]
[EventDate "2023.12.18"]
[EventType "swiss"]
[EventCountry "ENG"]
[SourceTitle "playchess.com"]
[Source "ChessBase"]
[SourceQuality "1"]
[TimeControl "40/6000+30:3000+30"]

1. e4 c6 2. d4 d5 3. e5 Bf5 4. Nf3 e6 5. c3 c5 6. Be3 cxd4 7. Nxd4 Bxb1 8. Rxb1 a6 9. Bd3 Ne7 10. O-O Nbc6 11. f4 Nxd4 12. cxd4 g6 13. Qb3 Qd7 14. Rbc1 Nc6 15. a3 Be7 16. Qd1 f5 17. Qe1 O-O 18. h3 h5 19. Be2 Kf7 20. Bf2 1/2-1/2

[Event "Caplin Hastings Masters 2023-24"]
[Site "Hastings"]
[Date "2024.01.03"]
[Round "7.40"]
[White "Byrn, Carsten"]
[Black "Batchelor, Paul A"]
[Result "1-0"]
[ECO "D85"]
[WhiteElo "1823"]
[BlackElo "1937"]
[Annotator "NA"]
[PlyCount "139"]
[EventDate "2023.12.18"]
[EventType "swiss"]
[EventCountry "ENG"]
[SourceTitle "playchess.com"]
[Source "ChessBase"]
[SourceQuality "1"]
[TimeControl "40/6000+30:3000+30"]

1. d4 Nf6 2. c4 g6 3. Nc3 d5 4. Nf3 Bg7 5. cxd5 Nxd5 6. e4 Nxc3 7. bxc3 c5 8. h3 O-O 9. Be2 Nc6 10. Be3 cxd4 11. cxd4 e6 12. O-O b6 13. Rc1 Bb7 14. Qd2 Rc8 15. Rfd1 Na5 16. e5 Re8 17. Bb5 Rf8 18. Qe2 h6 19. Ba6 Qe7 20. Bxb7 Qxb7 21. Bd2 Nc6 22. Bc3 Rfe8 23. Nd2 Bf8 24. Ne4 Be7 25. Qf3 Red8 26. Bb2 Na5 27. Bc3 Nc6 28. h4 Bf8 29. h5 Be7 30. hxg6 fxg6 31. Qg4 Kg7 32. Qxe6 Nxd4 33. Rxd4 Rxd4 34. Nd6 Rxc3 35. Qf7+ Kh8 36. Rxc3 Rd1+ 37. Kh2 Rxd6 38. Qe8+ Kh7 39. Rc8 Bd8 40. Rxd8 Rxd8 41. Qxd8 Qf7 42. Qd4 Qe6 43. Qd6 Qxa2 44. Qe7+ Kg8 45. Qd8+ Kg7 46. Qf6+ Kh7 47. e6 Qd5 48. Qf7+ Kh8 49. Qxg6 Qe5+ 50. g3 Qg7 51. Qf5 Qe7 52. f4 a5 53. Qe5+ Kg8 54. f5 Qc5 55. Qb8+ Kg7 56. Qf4 Qe7 57. Qd4+ Kg8 58. Qxb6 a4 59. Qb8+ Qf8 60. Qf4 a3 61. f6 Qc5 62. Qb8+ Qf8 63. f7+ Kg7 64. Qe5+ Kh7 65. e7 Qxf7 66. e8=Q Qf2+ 67. Kh3 Qf1+ 68. Kg4 Qd1+ 69. Qe2 Qd4+ 70. Q2e4+ 1-0

[Event "Caplin Hastings Masters 2023-24"]
[Site "Hastings"]
[Date "2024.01.03"]
[Round "7.41"]
[White "Fryer, David W"]
[Black "Seo, Juwon"]
[Result "0-1"]
[ECO "B47"]
[WhiteElo "1914"]
[BlackElo "1405"]
[Annotator "NA RC"]
[PlyCount "76"]
[EventDate "2023.12.18"]
[EventType "swiss"]
[EventCountry "ENG"]
[SourceTitle "playchess.com"]
[Source "ChessBase"]
[SourceQuality "1"]
[TimeControl "40/6000+30:3000+30"]

1. e4 c5 2. Nf3 e6 3. d4 cxd4 4. Nxd4 Nc6 5. Be3 Qc7 6. Nb5 Qb8 7. N1c3 a6 8. Bb6 axb5 9. Nxb5 Bb4+ 10. c3 Ba5 11. Nc7+ Qxc7 12. Bxc7 Bxc7 13. Qg4 Kf8 14. f4 Nf6 15. Qf3 d5 16. e5 Ne4 17. Bd3 Nc5 18. Bc2 b6 19. O-O g6 20. a3 Ba6 21. Rfe1 Kg7 22. Rab1 Bb7 23. Qh3 Rhd8 24. g4 d4 25. g5 dxc3 26. Re3 Rh8 27. b4 Na4 28. Qh6+ Kg8 29. Rd1 b5 30. Red3 Bb6+ 31. Kf1 Nb2 32. Rd7 Nxd1 33. Bb3 Ne3+ 34. Ke1 Nf5 35. Qh3 Bc8 36. Rd3 Bd4 37. Qf3 Bb7 38. Qe2 Rxa3 0-1

[Event "Caplin Hastings Masters 2023-24"]
[Site "Hastings"]
[Date "2024.01.03"]
[Round "7.42"]
[White "Ortiz Sanchez, Luis"]
[Black "Alcindor, Samuel"]
[Result "1/2-1/2"]
[ECO "B11"]
[WhiteElo "1863"]
[BlackElo "1714"]
[Annotator "NA RC"]
[PlyCount "98"]
[EventDate "2023.12.18"]
[EventType "swiss"]
[EventCountry "ENG"]
[SourceTitle "playchess.com"]
[Source "ChessBase"]
[SourceQuality "1"]
[TimeControl "40/6000+30:3000+30"]

1. e4 c6 2. Nf3 d5 3. Nc3 Bg4 4. h3 Bxf3 5. Qxf3 e6 6. d4 dxe4 7. Qxe4 Nf6 8. Qd3 Nbd7 9. Be2 Bd6 10. Bg5 Qa5 11. Bd2 Qb6 12. O-O O-O 13. b3 Rac8 14. Na4 Qc7 15. c4 c5 16. Rad1 Rfd8 17. Nc3 a6 18. dxc5 Nxc5 19. Qf3 Be5 20. b4 Ncd7 21. Ne4 Nb6 22. Bg5 Rxd1 23. Rxd1 Nxe4 24. Qxe4 f6 25. f4 fxg5 26. fxe5 Nxc4 27. Bxc4 Qxc4 28. Rd8+ Kf7 29. Qxb7+ Rc7 30. Rd7+ Rxd7 31. Qxd7+ Kg6 32. Qd2 h6 33. Qb2 Kf5 34. a4 Qc6 35. b5 axb5 36. axb5 Qb6+ 37. Kf1 Ke4 38. Qe2+ Kd5 39. Ke1 Kc5 40. Qd3 Kb4 41. g4 Ka5 42. Qb3 Qg1+ 43. Ke2 Qh2+ 44. Kf1 Qf4+ 45. Kg2 Qe4+ 46. Kf1 Qxe5 47. b6 Qf4+ 48. Kg2 Qe4+ 49. Kg3 Qf4+ 1/2-1/2

[Event "Caplin Hastings Masters 2023-24"]
[Site "Hastings"]
[Date "2024.01.03"]
[Round "7.43"]
[White "Keely, Leo A"]
[Black "Blades, Kit"]
[Result "1-0"]
[ECO "B90"]
[WhiteElo "1908"]
[BlackElo "1771"]
[Annotator "NA"]
[PlyCount "39"]
[EventDate "2023.12.18"]
[EventType "swiss"]
[EventCountry "ENG"]
[SourceTitle "playchess.com"]
[Source "ChessBase"]
[SourceQuality "1"]
[TimeControl "40/6000+30:3000+30"]

1. e4 c5 2. Nf3 d6 3. d4 cxd4 4. Nxd4 Nf6 5. Nc3 a6 6. Bd3 e5 7. Nb3 Be7 8. O-O O-O 9. h3 Nbd7 10. f4 b5 11. fxe5 dxe5 12. Be3 Bb7 13. Nd5 Nxd5 14. exd5 Nf6 15. Bg5 Nxd5 16. Bxe7 Qxe7 17. Be4 Rad8 18. Qe2 Nf4 19. Rxf4 Bxe4 20. Rxe4 1-0

[Event "Caplin Hastings Masters 2023-24"]
[Site "Hastings"]
[Date "2024.01.03"]
[Round "7.44"]
[White "Norinkeviciute, Rasa"]
[Black "Metcalfe, Charlie P"]
[Result "0-1"]
[ECO "A29"]
[WhiteElo "1905"]
[BlackElo "1760"]
[Annotator "NA RC"]
[PlyCount "120"]
[EventDate "2023.12.18"]
[EventType "swiss"]
[EventCountry "ENG"]
[SourceTitle "playchess.com"]
[Source "ChessBase"]
[SourceQuality "1"]
[TimeControl "40/6000+30:3000+30"]

1. c4 e5 2. g3 Nf6 3. Bg2 d5 4. cxd5 Nxd5 5. Nc3 Nb6 6. Nf3 Nc6 7. d3 Be7 8. a3 O-O 9. Be3 Be6 10. Na4 Nxa4 11. Qxa4 a6 12. Rc1 Bf6 13. O-O Rc8 14. Nd2 Bd5 15. Ne4 Be7 16. Nc5 Bxg2 17. Kxg2 Nd4 18. Bxd4 exd4 19. Qc4 Bxc5 20. Qxc5 Qd7 21. Rc4 Rfd8 22. Rfc1 c6 23. b4 Qd5+ 24. Qxd5 Rxd5 25. Rc5 Rd7 26. Re5 f6 27. Re4 Kf7 28. Rc4 Rcd8 29. f4 Rd5 30. f5 Rxf5 31. Rexd4 Rxd4 32. Rxd4 Ke6 33. e4 Rb5 34. Kf3 f5 35. h4 a5 36. Rc4 Kd6 37. Kf4 fxe4 38. dxe4 b6 39. g4 c5 40. e5+ Kd5 41. Re4 Ke6 42. bxa5 Rxa5 43. a4 Ra8 44. Rc4 Kd5 45. Rc1 Rxa4+ 46. Kf5 g6+ 47. Kf6 Rf4+ 48. Kg5 Kxe5 49. h5 Rd4 50. Rb1 gxh5 51. gxh5 Rd6 52. Re1+ Kd5 53. h6 c4 54. Re7 c3 55. Rxh7 c2 56. Rc7 Rc6 57. Rxc6 Kxc6 58. h7 c1=Q+ 59. Kg6 Qc2+ 60. Kg7 Qxh7+ 0-1

[Event "Caplin Hastings Masters 2023-24"]
[Site "Hastings"]
[Date "2024.01.03"]
[Round "7.45"]
[White "Ruane, Brendan J"]
[Black "Patel, Zain"]
[Result "0-1"]
[ECO "A03"]
[WhiteElo "1823"]
[BlackElo "1841"]
[Annotator "NA RC"]
[PlyCount "102"]
[EventDate "2023.12.18"]
[EventType "swiss"]
[EventCountry "ENG"]
[SourceTitle "playchess.com"]
[Source "ChessBase"]
[SourceQuality "1"]
[TimeControl "40/6000+30:3000+30"]

1. g3 d5 2. f4 Nf6 3. Bg2 c5 4. Nf3 Nc6 5. O-O Bf5 6. d3 h6 7. Nc3 e6 8. Ne5 Bh7 9. Nxc6 bxc6 10. b3 Be7 11. Na4 O-O 12. Qe1 Nd7 13. Ba3 Qc7 14. Rc1 e5 15. e4 exf4 16. gxf4 Rae8 17. Qf2 g5 18. exd5 cxd5 19. Bxd5 gxf4 20. Rce1 Qd6 21. Bc4 Bf6 22. Qg2+ Kh8 23. Rxe8 Rxe8 24. Bxf7 Re7 25. Qd5 Bd4+ 26. Kh1 Qxd5+ 27. Bxd5 Re2 28. Rxf4 Re1+ 29. Kg2 Re2+ 30. Kg3 Be5 31. Bb2 Bxb2 32. Nxb2 Rxc2 33. Na4 Bxd3 34. Rf7 Ne5 35. Rxa7 Rxa2 36. b4 c4 37. Ra8+ Kg7 38. Nc3 Rb2 39. Ra7+ Kf8 40. Kf4 Ng6+ 41. Ke3 Rxb4 42. Rh7 Rb3 43. Kd4 Ne7 44. Rf7+ Ke8 45. Rf6 Nf5+ 46. Rxf5 Bxf5 47. Ne4 Bxe4 48. Kxe4 Rc3 49. Kd4 Rc2 50. h3 c3 51. Be6 Re2 0-1

[Event "Caplin Hastings Masters 2023-24"]
[Site "Hastings"]
[Date "2024.01.03"]
[Round "7.46"]
[White "Howell, Oliver W"]
[Black "Prudent, Sylvio"]
[Result "1-0"]
[ECO "A80"]
[WhiteElo "1782"]
[BlackElo "1639"]
[Annotator "NA RC"]
[PlyCount "37"]
[EventDate "2023.12.18"]
[EventType "swiss"]
[EventCountry "ENG"]
[SourceTitle "playchess.com"]
[Source "ChessBase"]
[SourceQuality "1"]
[TimeControl "40/6000+30:3000+30"]

1. Nf3 f5 2. d4 Nf6 3. Bf4 e6 4. e3 b6 5. h3 Bb7 6. Bd3 Be7 7. Nbd2 d6 8. c3 Ne4 9. Qc2 d5 10. Ne5 Nxd2 11. Kxd2 Bd6 12. g4 g6 13. gxf5 exf5 14. Rag1 c6 15. Bxf5 gxf5 16. Qxf5 Bxe5 17. Qxe5+ Kd7 18. Rg7+ Kc8 19. Rc7+ 1-0

[Event "Caplin Hastings Masters 2023-24"]
[Site "Hastings"]
[Date "2024.01.04"]
[Round "8.1"]
[White "Jacobson, Brandon"]
[Black "Zhang, Pengxiang"]
[Result "1/2-1/2"]
[ECO "D85"]
[WhiteElo "2538"]
[BlackElo "2558"]
[Annotator "TA"]
[PlyCount "196"]
[EventDate "2023.12.18"]
[EventType "swiss"]
[EventCountry "ENG"]
[SourceTitle "playchess.com"]
[Source "ChessBase"]
[SourceQuality "1"]
[TimeControl "40/6000+30:3000+30"]

1. d4 Nf6 2. c4 g6 3. Nc3 d5 4. cxd5 Nxd5 5. e4 Nxc3 6. bxc3 Bg7 7. Nf3 c5 8. h3 O-O 9. Be2 cxd4 10. cxd4 Nc6 11. Be3 Qa5+ 12. Bd2 Qa3 13. d5 Ne5 14. Rb1 Bd7 15. Nxe5 Bxe5 16. Rxb7 Ba4 17. Qc1 Qxa2 18. Bc4 (18. Rxe7 $2 Rac8 19. Rxe5 Rxc1+ 20. Bxc1 Qa1 $19) 18... Qc2 19. Qxc2 (19. Rxe7 $2 Qxe4+ 20. Be3 (20. Kf1 $2 Rfc8 $19) 20... Qxg2 $19) 19... Bxc2 20. Rxe7 Bf6 21. Rc7 Be5 22. d6 Bxe4 (22... Bxd6 {simplifies} 23. Bxf7+ Rxf7 24. Rxc2 a5) 23. O-O Bxd6 24. Rd7 Rad8 25. Bxf7+ $1 (25. Rxa7 Bc5 26. Ra5 Rxd2 $11) 25... Kg7 $1 26. Bc3+ (26. Rxa7 $2 Rxf7 27. Ra4 Bf5 28. Bc3+ Kg8 $19) 26... Kh6 27. Rxa7 Bc5 28. Rc7 Bd6 29. Rc4 $1 Rxf7 (29... Bxg2 30. Bf6 Bf3 31. Bxd8 (31. Rh4+ Bh5 $16) 31... Rxd8 32. Re1 $16) 30. Rxe4 Bc5 31. g3 Rd3 32. Be5 Bd6 33. Bd4 Re7 34. Rh4+ Kg5 35. Rg4+ Kf5 36. Rb1 Ke6 37. Rb6 Rd7 38. Kg2 Kf7 39. Rh4 Kg8 40. Be3 Rd5 41. Ra6 Be7 42. Re4 Bg5 43. Bb6 Be7 44. Ra8+ Kg7 45. Rc8 Kf7 46. h4 Bd8 47. Be3 Bf6 48. Bc5 Rd8 49. Rc6 Be5 50. Be3 R8d7 51. Bh6 Bg7 52. Bg5 Bd4 53. Rf4+ Kg7 54. Rf3 R5d6 55. Rc8 Bf6 56. Bf4 Rd3 57. Be3 R3d5 58. Bf4 Rd3 $1 59. Rxd3 Rxd3 60. Rc7+ Kg8 61. Bh6 Rd5 62. f4 Rd3 63. Kh3 Bc3 64. Re7 Bf6 65. Rb7 Rd5 66. Ra7 Rb5 67. Rd7 Ra5 68. Kg4 Rb5 69. Ra7 Rd5 70. Rb7 Ra5 71. Rb3 Kf7 72. Kf3 Rh5 $2 {[%emt 0:01:37][%mdl 8192] [#]} (72... Ra7 $14) 73. Rb7+ $1 $18 Kg8 {[%emt 0:00:01] [#]} 74. Rb8+ $1 ({Not} 74. Bg5 Bxg5 75. hxg5 (75. fxg5 h6 $14) 75... Rh2 $16) 74... Kf7 75. Rb7+ $2 (75. Bg5 $18 {is the precise move to win.} Bxg5 76. fxg5) 75... Kg8 $1 $16 76. Rb8+ $2 (76. Bg5 $16 Bxg5 77. hxg5 (77. fxg5 h6 $14)) 76... Kf7 $18 77. Rf8+ $2 (77. Bg5 $18 Bxg5 78. fxg5) 77... Ke7 $14 78. Rxf6 $1 Rxh6 (78... Kxf6 $2 79. Bg5+ Ke6 80. g4 $18) 79. Ra6 Rh5 80. Kg4 Kf7 81. Ra7+ Kf8 82. Kf3 h6 83. Rd7 Ra5 84. g4 h5 85. g5 Ra4 86. Ke3 Kg8 (86... Ra3+ $1 $11 87. Rd3 Ra4) 87. Rd4 $16 Ra1 88. f5 gxf5 89. Kf4 Rf1+ 90. Ke5 Kg7 91. Rd7+ (91. Rf4 $16 Ra1 92. Kxf5 (92. Rxf5 Ra5+ 93. Kf4 Ra3 $16)) 91... Kg6 $11 92. Rd6+ Kg7 93. Rh6 Ra1 94. Kxf5 Ra5+ 95. Kf4 Ra4+ 96. Kg3 Ra3+ 97. Kf2 Ra4 98. Rxh5 Ra6 $2 (98... Ra2+ $11 {and Black is okay.} 99. Ke3 Ra3+ 100. Kd4 Ra6) 1/2-1/2

[Event "Caplin Hastings Masters 2023-24"]
[Site "Hastings"]
[Date "2024.01.04"]
[Round "8.2"]
[White "Gupta, Abhijeet"]
[Black "Sulskis, Sarunas"]
[Result "1-0"]
[ECO "D41"]
[WhiteElo "2596"]
[BlackElo "2490"]
[Annotator "TA"]
[PlyCount "109"]
[EventDate "2023.12.18"]
[EventType "swiss"]
[EventCountry "ENG"]
[SourceTitle "playchess.com"]
[Source "ChessBase"]
[SourceQuality "1"]
[TimeControl "40/6000+30:3000+30"]

1. d4 Nf6 2. c4 e6 3. Nf3 d5 4. Nc3 c5 5. cxd5 cxd4 6. Qxd4 exd5 7. e4 Nc6 8. Bb5 {[%emt 0:00:06][%cal Re4d5] D41: Queen's Gambit Declined: Semi-Tarrasch with 5 cxd5.} dxe4 9. Qxd8+ Kxd8 10. Ng5 {[%emt 0:00:29][%csl LRe4,LRf7] The position is equal.} Be6 11. Bxc6 (11. Ngxe4 Nxe4 12. Nxe4 Bb4+ 13. Nc3 Ke7 $11) 11... bxc6 12. Nxe6+ fxe6 13. Ke2 Bb4 14. Rd1+ Ke7 15. Na4 Rhd8 16. Rxd8 Rxd8 17. Be3 Rd5 18. Rc1 {[%emt 0:02:47][%mdl 1024] White has compensation.} Ra5 19. b3 Kd7 ({Black should play} 19... Kd6 $11) 20. Bc5 $1 $14 Nd5 21. Rc4 {[%emt 0:00:48][%csl LRb4,LRe4] Dodges Nc3+} (21. Bxb4 Nxb4 22. Nc5+ Kc7 $11) 21... Bxc5 22. Nxc5+ {[%emt 0:00:06][%mdl 4096] Endgame KRN-KRN} Ke7 23. a4 Nb6 24. Rc1 Nd5 25. g3 {[%emt 0:00:26] [#]} h6 $146 (25... Nb4 $1 $14) ({Predecessor:} 25... Nb4 26. Rc4 Na6 27. Nb7 Rd5 28. Rxc6 Nb4 29. Rc4 Nd3 30. Ke3 Ne5 31. Rc7+ Kf6 {1-0 Yilmaz,M (2624)-Nisipeanu,L (2652) EU-ch 22nd Terme Catez 2022 (11)}) 26. h4 (26. Nxe4 Ra6 $14) 26... Nb4 27. Rc4 Nd3 28. Nxe4 $18 (28. Nxd3 $6 exd3+ 29. Kxd3 Rd5+ 30. Kc3 c5 $11) 28... Ne5 29. Rc2 {[%emt 0:16:37] aiming for Nc5.} Ra6 (29... Rd5 $142 30. f4 Rd4) 30. Nc5 $1 Rb6 31. Rd2 {[%emt 0:00:05] Inhibits Nd7.} g5 32. f4 gxf4 33. gxf4 Ng6 34. Rd7+ Kf6 35. Rxa7 Nxf4+ 36. Kf3 Rb4 37. Rb7 Rd4 38. a5 {[%emt 0:03:13] Hoping for a6.} Nd3 {[%emt 0:00:15] [#]} 39. Ne4+ Ke5 $2 {[%emt 0:00:39] [#]} (39... Rxe4 $2 40. Kxe4 Nc5+ 41. Ke3 Nxb7 42. a6 $18) (39... Kf5) 40. a6 $1 {[%emt 0:00:49] Black must now prevent a7.} (40. Ke3 Rxe4+ 41. Kxd3 Rxh4 $11) 40... Ne1+ $2 (40... Rxe4 $2 41. a7 Rf4+ 42. Ke3 $18) (40... Rd8 {was necessary.} 41. a7 Ra8) 41. Kg3 {[%emt 0:54:17] Threatens to win with a7.} Kxe4 {[%emt 0:18:55] KRN-KR} 42. a7 Rd3+ 43. Kg4 Rd5 44. Rb4+ ({Inferior is} 44. a8=B Nf3 45. Rc7 (45. Rb4+ $2 Ke3 $19) 45... Ke3 $19) (44. a8=R h5+ 45. Kg3 Rd3+ 46. Kf2 Nc2 $11) 44... Ke3 45. a8=Q {[%emt 0:00:00][%cal Oa8h8] Qh8! is the strong threat.} (45. a8=B $2 Nf3 46. Kg3 Rc5 $19) 45... Nd3 46. Rc4 {[%emt 0:00:00][%cal Og4g3] And now Kg3! would win.} Rf5 47. Rc3 {[%emt 0:00:00] White mates.} ({And not} 47. Rxc6 Ne5+ 48. Kh3 Rf3+ 49. Kg2 Rf2+ 50. Kh1 Rf1+ 51. Kg2 Rf2+ 52. Kg3 Rf3+ 53. Kh2 Rf2+ 54. Kh3 Rf3+ 55. Kh2 Rf2+ 56. Kg3 Rf3+ 57. Kh2 $11) 47... h5+ 48. Kg3 Rf3+ 49. Kg2 Rf2+ 50. Kg1 Rf4 51. Qxc6 e5 {[%emt 0:01:50] [#]} 52. Rxd3+ $1 Kxd3 53. Qd5+ Kc2 54. Qc5+ Kxb3 55. Qxe5 {[%emt 0:00:00] Weighted Error Value: White=0.04 (flawless) /Black=0.40} 1-0

[Event "Caplin Hastings Masters 2023-24"]
[Site "Hastings"]
[Date "2024.01.04"]
[Round "8.3"]
[White "Ghasi, Ameet K"]
[Black "Royal, Shreyas"]
[Result "1/2-1/2"]
[ECO "D78"]
[WhiteElo "2509"]
[BlackElo "2438"]
[Annotator "TA"]
[PlyCount "113"]
[EventDate "2023.12.18"]
[EventType "swiss"]
[EventCountry "ENG"]
[SourceTitle "playchess.com"]
[Source "ChessBase"]
[SourceQuality "1"]
[TimeControl "40/6000+30:3000+30"]

1. Nf3 d5 2. g3 g6 3. Bg2 Bg7 4. d4 Nf6 5. O-O O-O 6. c4 c6 7. Nc3 dxc4 8. e4 $1 {[%emt 0:00:44][%mdl 4] is more profitable than 8.Ne5 at the moment.} b5 9. Qe2 {[%emt 0:00:32] D78: Fianchetto Grünfeld: 6 0-0 c6.} a5 {[%emt 0:00:23] [#]} 10. a4 $146 (10. Rd1 $11 {remains equal.}) ({Predecessor:} 10. Rd1 b4 11. Na4 Ba6 12. Ne5 c3 13. Qc2 cxb2 14. Bxb2 Nfd7 15. Ng4 Bb5 16. Nc5 {1-0 Matlakov,M (2674)-Kramnik,V (2753) AI Cup Div 3 L rapid 2023 (2.2)}) 10... b4 $17 11. Nd1 {[%emt 0:00:27] Black is better.} Ba6 12. Re1 Ne8 (12... e5 $15 13. dxe5 c3) 13. Ne3 (13. e5 $1 $11) 13... Nd7 (13... Bxd4 $6 14. Nxc4 c5 15. e5 $11) 14. e5 (14. Nxc4 Nd6 15. b3 Nb6 $17) 14... Nb6 15. h4 Nc7 16. h5 Qd7 (16... gxh5 17. Nf5 c3 18. Qc2 $16) (16... Ne6 $5 17. Rd1 Ra7 $17) 17. Qc2 Rfd8 (17... gxh5 $2 18. Ng5 f5 19. exf6 Rxf6 20. Qxh7+ (20. Nxh7 Qxd4 21. Nxf6+ Qxf6 $16) 20... Kf8 21. Qxh5 $18) ({Black should try} 17... Rad8 $15) 18. Rd1 ({White should play} 18. Qe4 $11) 18... Ne6 $15 (18... gxh5 $2 19. Ng5 Kf8 20. Qxh7 $18) 19. Qe4 c3 (19... gxh5 $6 20. Qf5 $11) 20. bxc3 {[%emt 0:02:19] [#]} Be2 $1 ({Of course not} 20... gxh5 21. cxb4 axb4 22. Nf5 $14) ({Much weaker is} 20... bxc3 $6 21. hxg6 hxg6 22. Bh3 $11 (22. Qc2 Rab8 $15)) 21. Re1 Bxf3 22. Qxf3 bxc3 23. Nc2 Nd5 (23... Nxd4 $2 24. Nxd4 Qxd4 25. Be3 $18) 24. Rb1 Rac8 25. Qe2 Nb4 {[%emt 0:04:44][%mdl 64] [#] Deflection} 26. Nxb4 Nxd4 27. Qe4 {[%emt 0:00:50] Nc2 is the strong threat.} axb4 28. Rxb4 c5 29. Rc4 c2 30. hxg6 hxg6 31. e6 {[%emt 0:03:51][%mdl 64] Deflection} Nxe6 (31... Qe8 {is interesting.} 32. exf7+ Qxf7 33. Rc3 Rf8) 32. Rxc2 (32. Qxc2 $15 Bd4 33. a5) 32... Nd4 33. Ra2 e5 34. a5 f5 35. Qb7 e4 (35... Rc7 {keeps more tension.} 36. Qb6 Kh7 37. a6 e4) 36. Qxd7 Rxd7 37. Be3 Ra8 (37... c4 {looks sharper.} 38. a6 c3 39. Kf1 c2) 38. Rb1 Rda7 39. Bd2 (39. Bf1 $1 $11) 39... c4 $17 40. Be1 (40. Kh1 $17) 40... Nb3 $2 (40... Rc7 $19 {Hoping for ...c3.} 41. Bc3 Ne2+ {[%mdl 64] Discovered Attack} 42. Rxe2 Bxc3) 41. Bf1 $15 Nxa5 42. Bxa5 Rxa5 (42... c3 {with more complications.} 43. Rb5 Kh7 44. g4 Rxa5 45. Rbxa5 c2) 43. Bxc4+ Kh7 44. Rxa5 Rxa5 {[%emt 0:00:04][%mdl 4096] Endgame KRB-KRB} 45. Rb6 Bd4 46. Rd6 Be5 47. Ra6 {[%emt 0:12:14] The position is equal.} Rxa6 48. Bxa6 $11 {[%emt 0:00:04] KB-KB} g5 49. Bc8 Kg6 50. g4 fxg4 51. Bxg4 Bd4 52. Kg2 Kf6 53. Bc8 Ke5 54. Kg3 Bxf2+ 55. Kxf2 e3+ 56. Kxe3 g4 57. Bxg4 {[%emt 0:00:06] An interesting game.   Weighted Error Value: White=0.14 (very precise) /Black=0.15 (very precise)} 1/2-1/2

[Event "Caplin Hastings Masters 2023-24"]
[Site "Hastings"]
[Date "2024.01.04"]
[Round "8.4"]
[White "Derakhshani, Borna"]
[Black "Edouard, Romain"]
[Result "1/2-1/2"]
[ECO "B32"]
[WhiteElo "2380"]
[BlackElo "2527"]
[Annotator "TA"]
[PlyCount "90"]
[EventDate "2023.12.18"]
[EventType "swiss"]
[EventCountry "ENG"]
[SourceTitle "playchess.com"]
[Source "ChessBase"]
[SourceQuality "1"]
[TimeControl "40/6000+30:3000+30"]

1. e4 c5 2. Nf3 Nc6 3. d4 cxd4 4. Nxd4 e5 5. Nb5 d6 6. c4 Nf6 {[%emt 0:01:30] 6...g6 gains popularity. B32: Sicilian: Löwenthal and Kalashnikov Variations.} 7. Bd3 a6 8. N5c3 g6 {[%emt 0:00:05] [#] White has an edge.} 9. Nd5 $146 ({Predecessor:} 9. O-O Bg7 10. Nd5 Nxd5 11. cxd5 Ne7 12. Nc3 O-O 13. Be3 Bd7 14. Qb3 Rb8 15. Bb6 Qe8 {1-0 Markantonaki,H (2171)-Anemogianni,S (1104) GRE-chT 50th 2023 (6.5)}) 9... Nxd5 10. exd5 Nd4 11. Na3 Bg7 12. Nc2 Nf5 13. Ne3 Ne7 14. O-O O-O 15. f4 exf4 16. Rxf4 f5 17. Kh1 (17. Nc2 $11 {remains equal.}) 17... g5 $17 18. Rf1 {[%emt 0:00:44] [#]} f4 $1 19. Qh5 Ng6 (19... h6 $17 20. Nd1 Qe8 21. Qxe8 Rxe8) 20. Ng4 $15 Bxg4 21. Qxg4 Ne5 22. Qh3 Nxd3 23. Qxd3 Qf6 24. Bd2 Qxb2 25. Rab1 Qd4 26. Qxd4 Bxd4 27. Rxb7 Rac8 28. Bb4 Rxc4 29. Bxd6 Rf5 30. Rb4 Rxb4 31. Bxb4 {[%emt 0:01:00][%mdl 4096] Endgame KRB-KRB} Kf7 32. Rd1 Bb6 (32... Rxd5 $2 33. Bc3 $18) 33. h3 Re5 34. Bc3 Re2 (34... Re3 $5 35. Bh8 Re2 $17) 35. Rb1 Bc5 36. a4 ({White should play} 36. Rb7+ $15 Re7 37. Rxe7+ Kxe7 38. Kh2) 36... Ke7 (36... h5 $17 {And now ...g4 would win.} 37. Bb4 Be3) 37. Bb4 $1 $11 {[%emt 0:03:07] The position is equal.} Kd6 38. Bxc5+ Kxc5 {[%emt 0:00:01] KR-KR} 39. Rb7 h5 {[%emt 0:03:14][%cal Og5g4] [#] Strongly threatening ...g4!} 40. Rg7 Re5 41. d6 $1 Kc6 42. Kg1 a5 43. d7 Kc7 44. Kf2 h4 45. Kf1 Kd8 {[%emt 0:00:38] Weighted Error Value: White=0.13 (very precise) /Black=0.15 (very precise)} 1/2-1/2